cohdb
Replays
Latest Replays
All Replays
Popular Replays
Top Player Replays
Match Explorer
How It Works
Community
CoH3 Stats
Reddit
Sign in to upload your games and track your stats! →
Sign in with Steam
Match 39655714
Unlisted
Match 39655714
Overview
Messages
Build Orders
End
Panzergrenadier Squad
Selects Italian Infantry
250 Light Carrier
Panzergrenadier Squad
Construct Light Support Kompanie
Combat Half-tracks
Fire Support Elements
2.5-tonne Medical Truck
Pak 38 Mechanized Group
Selects Guastatori Squad
Guastatori Squad
Pak 38 Anti-tank Gun Team
Construct Panzerarmee Kommand
Selects Defensive Operations
Pak 38 Mechanized Group
Walking Stuka Rocket Launcher
Forward Retreat Point
Selects Prepared Positions
2.5-tonne Medical Truck
Armored Reserves
Selects Obice 305mm Barrage
Obice 305mm Barrage
Pak 38 Anti-tank Gun Team
Selects Registered Artillery
MACS
Anntrax
iExploze
Mikhail
Masang
Some_Devil
Agua de Jamaica
Fank
0
0
Comments
sign in to comment!
No comments posted yet!